 Dungeon Crawl Stone Soup version 0.30.1-4-g462c640d31 (webtiles) character file.

Game seed: 3277651701597522081

1029 booth the Trooper (level 8, -4/63 HPs)
             Began as a Demonspawn Monk on Aug 13, 2023.
             Slain by an iguana (10 damage)
             ... on level 5 of the Dungeon.
             The game lasted 00:24:21 (5008 turns).

booth the Trooper (Demonspawn Monk)                 Turns: 5008, Time: 00:24:21

Health: -4/63      AC: 10    Str: 18    XL:     8   Next: 3%
Magic:  22/22      EV: 14    Int:  6    God:
Gold:   288        SH:  0    Dex: 23    Spells: 14/14 levels left

rFire   . . .        a - +1 hand axe
rCold   . . .        d - orb {light}
rNeg    . . .        k - +2 ring mail of the Alphagorgon {Fly Int-2 Dex+2}
rPois   .            (no helmet)
rElec   .            q - +0 cloak
rCorr   .            (gloves unavailable)
SInv    .            m - +1 pair of boots
Will    .....        (no amulet)
Stlth   +            j - ring of magical power
HPRegen 0.30/turn    n - +6 ring of dexterity
MPRegen 0.18/turn

%: no passive effects
@: lethally poisoned (-4 -> -6), flying, glowing, unable to drink
A: foul stench 1, demonic touch 3, dopey 1, strong 1, inability to drink after
injury 1
a: no special abilities


You were on level 5 of the Dungeon.
You visited 1 branch of the dungeon, and saw 5 of its levels.
You also visited: Sewer.

You collected 288 gold pieces.

Inventory:

Hand Weapons
 a - a +1 hand axe (weapon)
Missiles
 e - a curare-tipped dart
 p - 13 poisoned darts (quivered)
Armour
 b - a +0 robe
 d - an orb of light (worn)
 k - the +2 ring mail of the Alphagorgon (worn) {Fly Int-2 Dex+2}
   (You took it off a hobgoblin on level 2 of the Dungeon)

   Int:       It affects your intelligence (-2).
   Dex:       It affects your dexterity (+2).
   Fly:       It grants you flight.
 m - a +1 pair of boots (worn)
 q - a +0 cloak (worn)
 t - the +0 scale mail of Supple Strength {rF+ rN+ Str+3}
   (You found it on level 3 of the Dungeon)

   Str:       It affects your strength (+3).
   rF:        It protects you from fire.
   rN:        It protects you from negative energy.
Jewellery
 j - a ring of magical power (left hand)
 n - a +6 ring of dexterity (right hand)
Wands
 w - a wand of digging (4)
Scrolls
 f - a scroll of fog {unknown}
 g - a scroll of summoning {unknown}
 h - 2 scrolls of vulnerability
 l - a scroll of magic mapping
 o - a scroll of acquirement {unknown}
 s - a scroll of teleportation
 v - a scroll of fear
Potions
 c - a potion of ambrosia
 i - 4 potions of magic
 z - a potion of haste
 A - a potion of flight


   Skills:
 + Level 5.4 Fighting
 + Level 5.0 Axes
 + Level 5.0 Dodging
 + Level 3.7 Spellcasting
 + Level 0.9 Necromancy
 + Level 0.6 Air Magic


You had 14 spell levels left.
You didn't know any spells.
Your spell library contained the following spells:

 Spells                   Type           Power      Damage    Failure   Level
 Necrotise                Necr           8%         1d4       38%         1
 Sandblast                Erth           2%         2d4       52%         1
 Cigotuvi's Dreadful Rot  Necr/Pois/Air  2%         N/A       58%         2
 Blink                    Tloc           2%         N/A       67%         2
 Lesser Beckoning         Tloc           2%         N/A       67%         2
 Momentum Strike          Conj/Tloc      2%         3d8       67%         2
 Passwall                 Tmut/Erth      0%         N/A       67%         2
 Vampiric Draining        Necr           2%         2d6       77%         3
 Vhi's Electric Charge    Tloc/Air       2%         N/A       85%         3
 Stone Arrow              Conj/Erth      2%         3d7       88%         3
 Dispel Undead            Necr           2%         3d7       99%         4
 Agony                    Necr           2%         N/A       100%        5
 Arcjolt                  Conj/Air       0%         1d10      100%        5
 Death Channel            Necr           1%         N/A       100%        6
 Maxwell's Capacitive Co  Air            0%         ∞         100%        8


Dungeon Overview and Level Annotations

Branches:
Dungeon (5/15)              Sewer (visited)
 Temple: D:4-7

Altars:
Wu Jian


Innate Abilities, Weirdness & Mutations

You may rarely emit foul miasma when damaged in melee.
Your touch may irresistibly damage your foes and sap their willpower.
You are dopey. (Int -2)
Your muscles are strong. (Str +4, Int/Dex -1)
You occasionally lose the ability to drink potions when taking damage.


Message History

You hit the scorpion but do no damage. You hit the iguana but do no damage.
You feel sick. The scorpion stings you.
* * * LOW HITPOINT WARNING * * *
You are more poisoned.
The scorpion poisons you! The iguana bites you.
* * * LOW HITPOINT WARNING * * *
The scorpion closely misses you.
Your Axes skill increases to level 5!
Your Dodging skill increases to level 5!
You hit the iguana.
The iguana is heavily wounded.
You barely miss the scorpion.
* * * LOW HITPOINT WARNING * * *
You feel very sick. The iguana barely misses you.
The scorpion barely misses you.
You feel much better.
You feel sick. The scorpion completely misses you. The iguana bites you.
You feel sick.
The scorpion stings you but does no damage.
The iguana misses you.
You hit the scorpion.
The scorpion is almost dead.
You hit the iguana.
You feel sick.
The scorpion stings you but does no damage.
The iguana barely misses you.
The scorpion stings you but does no damage.
You hit the scorpion but do no damage.
The scorpion is almost dead.
You hit the iguana but do no damage.
You feel sick. The iguana bites you!
You feel threatened and lose the ability to drink potions!
* * * LOW HITPOINT WARNING * * *
The scorpion stings you but does no damage.
You hit the scorpion.
You kill the scorpion!
You hit the iguana.
You feel sick. The iguana barely misses you.
You have reached level 8!
You feel stronger.
Your demonic ancestry asserts itself...
You begin to emit a foul stench of rot and decay.
The iguana attacks as you move away! The iguana bites you!
You die...

##.###.. #......#
#......# ##......#
#.......#
##.......#########.
#........#.<......#
#..).@..........#
#...l.(.........#
.:.................#
..............######
..............#
....[...<.....#
..............#
...............


You could see an iguana.

Vanquished Creatures
  A centaur (D:5)
  A phantom (D:4)
  5 kobold brigands (Sewer)
  2 scorpions
  2 jellies (D:4)
  An iguana (D:4)
  Natasha (thrice) (D:3)
  9 adders
  5 river rats
  3 worms
  2 dart slugs
  5 orcs
  16 ball pythons
  10 endoplasms
  4 giant cockroaches
  5 goblins
  6 hobgoblins
  7 jackals
  4 quokkas
  7 bats
  3 frilled lizards
  16 kobolds
  18 rats
135 creatures vanquished.

Notes
Turn   | Place    | Note
-------+----------+-------------------------------------------
     0 | D:1      | booth the Demonspawn Monk began the quest for the Orb.
     0 | D:1      | Reached XP level 1. HP: 18/18 MP: 1/1
    91 | D:1      | Gained mutation: Your touch may inflict minor irresistible
                  | damage on your foes. [demonic ancestry]
    91 | D:1      | Reached XP level 2. HP: 19/24 MP: 2/2
    92 | D:1      | You fall into a shaft and drop 1 floor!
   520 | D:1      | Reached XP level 3. HP: 29/29 MP: 3/3
   865 | D:2      | Identified the +2 ring mail of the Alphagorgon {Fly Int-2
                  | Dex+2}
   938 | D:2      | Reached skill level 1 in Spellcasting
   942 | D:2      | Reached XP level 4. HP: 36/36 MP: 5/5
  1742 | D:3      | Found a glowing drain.
  1751 | Sewer    | Entered a sewer
  1848 | Sewer    | Noticed a kobold brigand
  1869 | Sewer    | Killed a kobold brigand
  1870 | Sewer    | Gained mutation: Your touch may inflict irresistible damage
                  | on your foes. [demonic ancestry]
  1870 | Sewer    | Reached XP level 5. HP: 24/42 MP: 7/7
  2233 | Sewer    | Gained mutation: Your touch may irresistibly damage your
                  | foes and sap their willpower. [demonic ancestry]
  2233 | Sewer    | Reached XP level 6. HP: 16/48 MP: 9/9
  2751 | Sewer    | HP: 2/49 [kobold brigand/+0 dagger (2)]
  2772 | Sewer    | HP: 2/49 [kobold brigand/+0 whip (3)]
  2786 | Sewer    | HP: 2/49 [kobold brigand/+0 whip (3)]
  2790 | Sewer    | Reached XP level 7. HP: 4/55 MP: 11/11
  3097 | D:3      | Noticed Natasha
  3110 | D:3      | Killed Natasha
  3428 | D:3      | Noticed Natasha
  3437 | D:3      | Killed Natasha
  3651 | D:3      | Found an ornate altar of the Wu Jian Council.
  3657 | D:3      | Noticed Natasha
  3682 | D:3      | Killed Natasha
  3997 | D:3      | Identified the +0 scale mail of Supple Strength {rF+ rN+
                  | Str+3}
  4209 | D:3      | Gained mutation: You occasionally lose the ability to drink
                  | potions when taking damage. [potion of mutation]
  4209 | D:3      | Gained mutation: You are dopey. (Int -2) [potion of
                  | mutation]
  4209 | D:3      | Gained mutation: Your muscles are strong. (Str +4, Int/Dex
                  | -1) [potion of mutation]
  4259 | D:4      | Reached skill level 5 in Fighting
  4988 | D:5      | Entered Level 5 of the Dungeon
  5002 | D:5      | Reached skill level 5 in Axes
  5002 | D:5      | Reached skill level 5 in Dodging
  5008 | D:5      | Gained mutation: You may rarely emit foul miasma when
                  | damaged in melee. [demonic ancestry]
  5008 | D:5      | Reached XP level 8. HP: 6/63 MP: 13/13
  5008 | D:5      | Slain by an iguana

Illustrated notes

Levels and vault maps discovered:
D:1:      scummos_arrival_checkerplants, layout_basic
D:2:      layout_loops_ring
D:3:      layout_basic, mainiacjoe_overflow_small_starburst,
          lightli_sewer_entry_pipes, uniq_natasha
D:4:      layout_rooms
D:5:      layout_rooms, temple_green

Skill      XL: |  1  2  3  4  5  6  7 |
---------------+----------------------+-----
Dodging        | 3 4 5 |  5.0
Axes           | 3 4 5 |  5.0
Spellcasting   | 1 2 3 |  3.7
Fighting       | 4 5 |  5.4
Necromancy     | |  0.9
Air Magic      | |  0.6

Action                     |  1- 3 |  4- 6 |  7- 9 || total
---------------------------+-------+-------+-------++-------
  Melee: Hand axe          |    84 |   234 |   185 ||   503
  Throw: Dart              |       |     8 |     4 ||    12
    Use: Scroll            |     2 |     2 |     5 ||     9
         Potion            |       |     6 |     2 ||     8
 Armour: Robe              |    20 |       |       ||    20
         Ring mail         |     4 |    53 |    82 ||   139
  Dodge: Dodged            |    69 |   122 |   175 ||   366
